NCAA
ILLINOIS FIGHTING ILLINI @ KENTUCKY WILDCATS
05/23/2028
 
TOP OF THE 1ST
Illinois Fighting Illini batting - Pitching for Kentucky Wildcats : RHP Dana Germán
Pitching: RHP Dana Germán
Batting: RHB Chris Carr 0-0: Fly out, F9 (Flyball, 9LM)
Batting: LHB Jesse Bowen 0-0: Ball
1-0: Called Strike
1-1: Ball
2-1: SOLO HOME RUN (Flyball, 9LD), Distance : 341 ft
Batting: RHB Jesús Vélez 0-0: Ball
1-0: Ball
2-0: SINGLE (Groundball, 4MD)
Batting: RHB Weldon Lott 0-0: Ball
Jesús Vélez is caught stealing 2nd base
1-0: Ball
2-0: Called Strike
2-1: Ball
3-1: SINGLE (Line Drive, 6MD)
Batting: RHB Harold Allen 0-0: 2-RUN HOME RUN (Flyball, 8LXD), Distance : 404 ft
Batting: RHB Rod Damerell 0-0: Fly out, F7 (Line Drive, 7)
Top of the 1st over - 3 run(s), 4 hit(s), 0 error(s), 0 left on base; Illinois 3 - Kentucky 0
BOTTOM OF THE 1ST
Kentucky Wildcats batting - Pitching for Illinois Fighting Illini : RHP Raúl Maez
Pitching: RHP Raúl Maez
Batting: RHB Lewis Childress 0-0: Called Strike
0-1: Ball
1-1: Fly out, F7 (Flyball, 7S)
Batting: RHB Haywood Young 0-0: Ball
1-0: Ball
2-0: Called Strike
2-1: Ball
3-1: Base on Balls
Batting: LHB Mark Sanders 0-0: Called Strike
0-1: Ball
1-1: Called Strike
1-2: Ball
2-2: Fly out, F7 (Line Drive, 7)
Batting: RHB Pat Johnston 0-0: Called Strike
0-1: Foul Ball, location: 2F
0-2: Foul Ball, location: 2F
0-2: Ball
1-2: Foul Ball, location: 2F
1-2: Fly out, F7 (Flyball, 7S)
Bottom of the 1st over - 0 run(s), 0 hit(s), 0 error(s), 1 left on base; Illinois 3 - Kentucky 0
TOP OF THE 2ND
Illinois Fighting Illini batting - Pitching for Kentucky Wildcats : RHP Dana Germán
Batting: RHB Fernando Núñez 0-0: Ball
1-0: Fly out, F9 (Flyball, 9)
Batting: SHB Robbie Robertson 0-0: Called Strike
0-1: Ball
1-1: Ball
2-1: Ball
3-1: Called Strike
3-2: Foul Ball, location: 2F
3-2: Strikes out swinging
Batting: RHB Jon Foster 0-0: Ball
1-0: Ball
2-0: Ground out 6-3 (Groundball, 6)
Top of the 2nd over - 0 run(s), 0 hit(s), 0 error(s), 0 left on base; Illinois 3 - Kentucky 0
BOTTOM OF THE 2ND
Kentucky Wildcats batting - Pitching for Illinois Fighting Illini : RHP Raúl Maez
Batting: SHB Eduardo Luna 0-0: Called Strike
0-1: Fly out, F7 (Flyball, 7LS)
Batting: LHB Caden Cleveland 0-0: Called Strike
0-1: SINGLE (Line Drive, 78M)
Batting: LHB Matt Taylor 0-0: Foul Ball, location: 2F
0-1: Ball
1-1: Ball
2-1: Ball
3-1: Called Strike
3-2: DOUBLE (Flyball, 7LM)
Caden Cleveland to third
Batting: SHB Russ Beasley 0-0: Ball
1-0: Called Strike
1-1: Ball
2-1: Foul Ball, location: 2F
2-2: Strikes out swinging
Batting: RHB Johnny Carson 0-0: Foul Ball, location: 2F
0-1: Ball
Wild Pitch!
Caden Cleveland scores
Matt Taylor to third
1-1: Called Strike
1-2: Ball
2-2: Foul Ball, location: 2F
2-2: Foul Ball, location: 2F
2-2: Strikes out swinging
Bottom of the 2nd over - 1 run(s), 2 hit(s), 0 error(s), 1 left on base; Illinois 3 - Kentucky 1
TOP OF THE 3RD
Illinois Fighting Illini batting - Pitching for Kentucky Wildcats : RHP Dana Germán
Batting: RHB Chris Carr 0-0: Ball
1-0: Called Strike
1-1: Ball
2-1: Foul Ball, location: 2F
2-2: Ball
3-2: SINGLE (Groundball, 56D)
Batting: LHB Jesse Bowen Pickoff Throw to First - Out!
0-0: Fly out, F4 (Popup, 4)
Batting: RHB Jesús Vélez 0-0: Foul Ball, location: 2F
0-1: Swinging Strike
0-2: Foul Ball, location: 2F
0-2: Foul Ball, location: 2F
0-2: Ball
1-2: Strikes out looking
Top of the 3rd over - 0 run(s), 1 hit(s), 0 error(s), 0 left on base; Illinois 3 - Kentucky 1
BOTTOM OF THE 3RD
Kentucky Wildcats batting - Pitching for Illinois Fighting Illini : RHP Raúl Maez
Batting: RHB Lewis Childress 0-0: SINGLE (Groundball, 6MD)
Batting: RHB Haywood Young 0-0: Foul Ball, location: 2F
0-1: Ball
1-1: Ball
2-1: Fielders Choice at 2nd, 5-4 (Groundball, 56)
Batting: LHB Mark Sanders 0-0: Called Strike
0-1: Swinging Strike
0-2: Fly out, F8 (Flyball, 8RM)
Batting: RHB Pat Johnston 0-0: Ball
1-0: Ball
2-0: Called Strike
2-1: Fly out, F7 (Flyball, 7S)
Bottom of the 3rd over - 0 run(s), 1 hit(s), 0 error(s), 1 left on base; Illinois 3 - Kentucky 1
TOP OF THE 4TH
Illinois Fighting Illini batting - Pitching for Kentucky Wildcats : RHP Dana Germán
Batting: RHB Weldon Lott 0-0: DOUBLE (Line Drive, 78D)
Batting: RHB Harold Allen 0-0: Ball
1-0: Ball
2-0: Foul Ball, location: 2F
2-1: Ball
3-1: Ground out 6-3 (Groundball, 6)
Batting: RHB Rod Damerell 0-0: Fly out, F8 (Flyball, 8RM)
Batting: RHB Fernando Núñez 0-0: Ground out 5-3 (Groundball, 56S)
Top of the 4th over - 0 run(s), 1 hit(s), 0 error(s), 1 left on base; Illinois 3 - Kentucky 1
BOTTOM OF THE 4TH
Kentucky Wildcats batting - Pitching for Illinois Fighting Illini : RHP Raúl Maez
Batting: SHB Eduardo Luna 0-0: Foul Ball, location: 2F
0-1: Foul Ball, location: 2F
0-2: Ball
1-2: Ball
2-2: Ground out 5-3 (Groundball, 56)
Batting: LHB Caden Cleveland 0-0: Fly out, F4 (Popup, 34D)
Batting: LHB Matt Taylor 0-0: Foul Ball, location: 2F
0-1: Ball
1-1: Ball
2-1: Ball
3-1: Swinging Strike
3-2: Base on Balls
Batting: SHB Russ Beasley 0-0: Fly out, F8 (Flyball, 89M)
Bottom of the 4th over - 0 run(s), 0 hit(s), 0 error(s), 1 left on base; Illinois 3 - Kentucky 1
TOP OF THE 5TH
Illinois Fighting Illini batting - Pitching for Kentucky Wildcats : RHP Dana Germán
Batting: SHB Robbie Robertson 0-0: Ball
1-0: Swinging Strike
1-1: Fly out, F8 (Flyball, 89M)
Batting: RHB Jon Foster 0-0: Ball
1-0: Foul Ball, location: 2F
1-1: Foul Ball, location: 2F
1-2: Strikes out swinging
Batting: RHB Chris Carr 0-0: Called Strike
0-1: Fly out, F6 (Popup, 6M)
Top of the 5th over - 0 run(s), 0 hit(s), 0 error(s), 0 left on base; Illinois 3 - Kentucky 1
BOTTOM OF THE 5TH
Kentucky Wildcats batting - Pitching for Illinois Fighting Illini : RHP Raúl Maez
Batting: RHB Johnny Carson 0-0: Ground out 5-3 (Groundball, 5)
Batting: RHB Lewis Childress 0-0: Swinging Strike
0-1: Ball
1-1: Swinging Strike
1-2: Strikes out swinging
Batting: RHB Haywood Young 0-0: Called Strike
0-1: Ball
1-1: Ball
2-1: Ball
3-1: SINGLE (Line Drive, 6D)
Batting: LHB Mark Sanders 0-0: Ball
1-0: SINGLE (Groundball, 6MS) (infield hit)
Haywood Young to second
Batting: RHB Pat Johnston 0-0: Ball
1-0: Called Strike
1-1: Ball
2-1: Ball
3-1: Base on Balls
Haywood Young to third
Mark Sanders to second
Pitching: RHP Ray Ray
Batting: SHB Eduardo Luna 0-0: Ball
1-0: Ball
2-0: Fly out, F8 (Flyball, 78S)
Bottom of the 5th over - 0 run(s), 2 hit(s), 0 error(s), 3 left on base; Illinois 3 - Kentucky 1
TOP OF THE 6TH
Illinois Fighting Illini batting - Pitching for Kentucky Wildcats : RHP Dana Germán
Batting: LHB Jesse Bowen 0-0: Ball
1-0: Ball
2-0: Called Strike
2-1: Ground out U3 (Groundball, 34)
Batting: RHB Jesús Vélez 0-0: Swinging Strike
0-1: Ball
1-1: Swinging Strike
1-2: Ball
2-2: Ball
3-2: Base on Balls
Batting: RHB Weldon Lott 0-0: Called Strike
0-1: Foul Ball, location: 2F
0-2: Foul Ball, location: 2F
0-2: Fly out, F8 (Flyball, 89S)
Batting: RHB Harold Allen 0-0: Ball
1-0: Ball
2-0: Ball
Jesús Vélez is caught stealing 2nd base
Top of the 6th over - 0 run(s), 0 hit(s), 0 error(s), 0 left on base; Illinois 3 - Kentucky 1
BOTTOM OF THE 6TH
Kentucky Wildcats batting - Pitching for Illinois Fighting Illini : RHP Ray Ray
Batting: LHB Caden Cleveland 0-0: Called Strike
0-1: Foul Ball, location: 2F
0-2: Fly out, F8 (Flyball, 8LM)
Batting: LHB Matt Taylor 0-0: Called Strike
0-1: Ball
1-1: Called Strike
1-2: Foul Ball, location: 2F
1-2: Foul Ball, location: 2F
1-2: Foul Ball, location: 2F
1-2: Hit by Pitch
Batting: SHB Russ Beasley 0-0: Ball
1-0: Foul Ball, location: 2F
1-1: Fly out, F6 (Line Drive, 6M)
Batting: RHB Johnny Carson 0-0: Ball
Matt Taylor is caught stealing 2nd base
Bottom of the 6th over - 0 run(s), 0 hit(s), 0 error(s), 0 left on base; Illinois 3 - Kentucky 1
TOP OF THE 7TH
Illinois Fighting Illini batting - Pitching for Kentucky Wildcats : RHP Dana Germán
Batting: RHB Harold Allen 0-0: Ball
1-0: SINGLE (Groundball, 6MD)
Batting: RHB Rod Damerell 0-0: Called Strike
0-1: Ball
1-1: Called Strike
1-2: Fly out, F5 (Line Drive, 5)
Pitching: RHP Mauro Guerrero
Batting: RHB Fernando Núñez 0-0: Ball
1-0: Ball
2-0: Ball
3-0: Base on Balls
Harold Allen to second
Pinch Hitting: RHB Robert Lancaster 0-0: Called Strike
0-1: Ball
1-1: Ball
2-1: SINGLE (Flyball, 8RS)
Harold Allen to third
Fernando Núñez to second
Runner from 3rd tries for Home, SAFE, throw made home
Fernando Núñez to third
Robert Lancaster to second
Batting: RHB Jon Foster 0-0: Ball
1-0: Foul Ball, location: 2F
1-1: Swinging Strike
1-2: Foul Ball, location: 2F
1-2: SINGLE (Groundball, 6MD)
Fernando Núñez scores
Robert Lancaster to third
Batting: RHB Chris Carr 0-0: Called Strike
0-1: Ball
1-1: Called Strike
1-2: Ball
2-2: Foul Ball, location: 2F
2-2: Ball
3-2: Foul Ball, location: 2F
3-2: Base on Balls
Jon Foster to second
Batting: LHB Jesse Bowen 0-0: Ball
1-0: Ball
2-0: Foul Ball, location: 2F
2-1: GRAND SLAM HOME RUN (Flyball, 89XD), Distance : 362 ft
Pitching: RHP Harold Mullen
Batting: RHB Jesús Vélez 0-0: Swinging Strike
0-1: Ball
1-1: Called Strike
1-2: Ball
2-2: Ball
3-2: Base on Balls
Batting: RHB Weldon Lott 0-0: 2-RUN HOME RUN (Flyball, 78XD), Distance : 375 ft
Batting: RHB Harold Allen 0-0: Called Strike
0-1: Ball
1-1: Swinging Strike
1-2: Ball
2-2: Ball
3-2: SINGLE (Flyball, 89S) - OUT at second base trying to stretch hit.
Batting: RHB Rod Damerell 0-0: Called Strike
0-1: Foul Ball, location: 2F
0-2: Foul Ball, location: 2F
0-2: Strikes out swinging
Top of the 7th over - 8 run(s), 6 hit(s), 0 error(s), 0 left on base; Illinois 11 - Kentucky 1
BOTTOM OF THE 7TH
Kentucky Wildcats batting - Pitching for Illinois Fighting Illini : RHP Ray Ray
Now at SS: Robert Lancaster
Batting: RHB Johnny Carson 0-0: Called Strike
0-1: Ground out 5-3 (Groundball, 56)
Batting: RHB Lewis Childress 0-0: Ball
1-0: SINGLE (Line Drive, 3D)
Batting: RHB Haywood Young 0-0: Ball
1-0: Ground out 3-1 (Groundball, 34S)
Lewis Childress to second
Batting: LHB Mark Sanders 0-0: Called Strike
0-1: Called Strike
0-2: Ball
1-2: Strikes out swinging
Bottom of the 7th over - 0 run(s), 1 hit(s), 0 error(s), 1 left on base; Illinois 11 - Kentucky 1
TOP OF THE 8TH
Illinois Fighting Illini batting - Pitching for Kentucky Wildcats : RHP Harold Mullen
Batting: RHB Fernando Núñez 0-0: Ball
1-0: Ball
2-0: Ball
3-0: Called Strike
3-1: Base on Balls
Batting: RHB Robert Lancaster 0-0: Called Strike
0-1: Called Strike
0-2: Hit by Pitch
Fernando Núñez to second
Batting: RHB Jon Foster 0-0: Ball
1-0: Ball
2-0: Ball
3-0: Base on Balls
Fernando Núñez to third
Robert Lancaster to second
Batting: RHB Chris Carr 0-0: Ball
1-0: Called Strike
1-1: Swinging Strike
1-2: Strikes out swinging
Batting: LHB Jesse Bowen 0-0: Ball
1-0: Ball
2-0: Ball
3-0: Base on Balls
Fernando Núñez scores
Robert Lancaster to third
Jon Foster to second
Pitching: RHP Bryant Hatcher
Batting: RHB Jesús Vélez 0-0: Fly out, F8 (Flyball, 8RM)
Runner from 3rd tags up, SCORES, no throw
Batting: RHB Weldon Lott 0-0: Ball
1-0: Called Strike
1-1: Foul Ball, location: 2F
1-2: Foul Ball, location: 2F
1-2: Ball
2-2: Ball
3-2: Foul Ball, location: 2F
3-2: Ground out U3 (Groundball, 34)
Top of the 8th over - 2 run(s), 0 hit(s), 0 error(s), 2 left on base; Illinois 13 - Kentucky 1
BOTTOM OF THE 8TH
Kentucky Wildcats batting - Pitching for Illinois Fighting Illini : RHP Ray Ray
Batting: RHB Pat Johnston 0-0: Swinging Strike
0-1: Foul Ball, location: 2F
0-2: Ball
1-2: Strikes out swinging
Batting: SHB Eduardo Luna 0-0: Ball
1-0: Ball
2-0: Ball
3-0: Base on Balls
Batting: LHB Caden Cleveland 0-0: Fielders Choice at 2nd, 1-6 (Groundball, P)
Batting: LHB Matt Taylor 0-0: Ground out 4-3 (Groundball, 4MS)
Bottom of the 8th over - 0 run(s), 0 hit(s), 0 error(s), 1 left on base; Illinois 13 - Kentucky 1
TOP OF THE 9TH
Illinois Fighting Illini batting - Pitching for Kentucky Wildcats : RHP Bryant Hatcher
Batting: RHB Harold Allen 0-0: Called Strike
0-1: Ball
1-1: Foul Ball, location: 2F
1-2: Ball
2-2: Foul Ball, location: 2F
2-2: Ball
3-2: DOUBLE (Flyball, 89XD)
Batting: RHB Rod Damerell 0-0: Ground out 5-3 (Groundball, 56)
Batting: RHB Fernando Núñez 0-0: Called Strike
0-1: Ball
1-1: Ball
2-1: Called Strike
2-2: Strikes out looking
Batting: RHB Robert Lancaster 0-0: Called Strike
0-1: Ball
1-1: Ball
2-1: Ball
3-1: Foul Ball, location: 2F
3-2: Base on Balls
Batting: RHB Jon Foster 0-0: Ball
1-0: Ball
2-0: Ball
3-0: Base on Balls
Harold Allen to third
Robert Lancaster to second
Batting: RHB Chris Carr 0-0: Ball
1-0: Ball
2-0: GRAND SLAM HOME RUN (Flyball, 78XD), Distance : 386 ft
Pitching: LHP Eric O'Gahan
Batting: LHB Jesse Bowen 0-0: Foul Ball, location: 2F
0-1: Called Strike
0-2: Foul Ball, location: 2F
0-2: Ball
1-2: Foul Ball, location: 2F
1-2: Foul Ball, location: 2F
1-2: Strikes out swinging
Top of the 9th over - 4 run(s), 2 hit(s), 0 error(s), 0 left on base; Illinois 17 - Kentucky 1
BOTTOM OF THE 9TH
Kentucky Wildcats batting - Pitching for Illinois Fighting Illini : RHP Ray Ray
Now at C: Stanley Ryan
Now at 1B: Neil Smith
Batting: SHB Russ Beasley 0-0: Called Strike
0-1: Hit by Pitch
Batting: RHB Johnny Carson 0-0: Ball
1-0: Swinging Strike
1-1: Foul Ball, location: 2F
1-2: Grounds into double play, 5-4-3 (Groundball, 5L)
Batting: RHB Lewis Childress 0-0: Called Strike
0-1: Foul Ball, location: 2F
0-2: Ball
1-2: Ground out 1-3 (Groundball, 13)
Bottom of the 9th over - 0 run(s), 0 hit(s), 0 error(s), 0 left on base; Illinois 17 - Kentucky 1
Tuesday, August 8th, 2017 - OOTP Baseball 17.12 Build 75